 Dungeon Crawl Stone Soup version 0.29.0-13-gc9e81de378 (webtiles) character file.

Game seed: 5800524589641307477

106 vvl the Trooper (level 4, -3/37 HPs)
             Began as a Merfolk Fighter on Sept 7, 2022.
             Slain by a gnoll
             ... wielding a +0 whip
              (5 damage)
             ... on level 4 of the Dungeon.
             The game lasted 00:03:09 (1978 turns).

vvl the Trooper (Merfolk Fighter)                   Turns: 1978, Time: 00:03:10

Health: -3/37      AC:  7    Str: 16    XL:     4   Next: 84%
Magic:  5/5        EV:  9    Int:  9    God:
Gold:   165        SH:  5    Dex: 13    Spells: 5/5 levels left

rFire   . . .      SeeInvis .   a - +0 trident
rCold   . . .      Faith    .   c - +0 buckler
rNeg    . . .      Spirit   .   b - +0 scale mail
rPois   .          Reflect  .   (no helmet)
rElec   .          Harm     .   k - +0 cloak
rCorr   .          Rampage  .   (no gloves)
Will    .....                   (no boots)
Stlth   ..........              (no amulet)
HPRegen 0.12/turn               (no ring)
MPRegen 0.09/turn               (no ring)

@: no status effects
A: (nimble swimmer 2), mertail
a: no special abilities


You were on level 4 of the Dungeon.
You visited 1 branch of the dungeon, and saw 4 of its levels.

You collected 165 gold pieces.

Inventory:

Hand Weapons
 a - a +0 trident (weapon)
Missiles
 i - 2 throwing nets (quivered)
Armour
 b - a +0 scale mail (worn)
 c - a +0 buckler (worn)
 k - a +0 cloak (worn)
Magical Staves
 j - a staff of death
Scrolls
 f - a scroll of fog {unknown}
 g - a scroll of amnesia {unknown}
 h - 4 scrolls of enchant weapon {unknown}
Potions
 d - a potion of might
 e - 2 potions of curing {unknown}
 l - a potion of attraction {unknown}
 m - a potion of brilliance {unknown}
 n - 2 potions of flight {unknown}


   Skills:
 + Level 3.8 Fighting
 + Level 3.4 Polearms
 + Level 2.5 Armour
 + Level 1.8 Dodging
 + Level 3.4 Shields
 + Level 1.0 Spellcasting
 + Level 1.4 Ice Magic


You had 5 spell levels left.
You didn't know any spells.
Your spell library contained the following spells:

 Spells                   Type           Power      Damage    Failure   Level
 Freeze                   Ice            12%        1d4       67%         1
 Frozen Ramparts          Ice            6%         1d1       96%         3
 Gell's Gravitas          Tloc           0%         N/A       99%         3
 Lesser Beckoning         Tloc           0%         N/A       99%         3
 Teleport Other           Tloc           0%         N/A       99%         3
 Hailstorm                Conj/Ice       1%         3d3       100%        4


Dungeon Overview and Level Annotations

Branches:
Dungeon (4/15)
 Temple: D:4-7

Altars:


Innate Abilities, Weirdness & Mutations

((You are very nimble when in or above water. (Stealth+, EV+, Speed+++)))
Your lower body shifts to a powerful aquatic tail in water.


Message History

The gnoll attacks as you move away! The gnoll hits you but does no damage.
A ball python comes into view.
The gnoll attacks as you move away! The gnoll hits you but does no damage.
The gnoll attacks as you move away! You block the gnoll's attack.
The gnoll attacks as you move away! The gnoll closely misses you.
The gnoll attacks as you move away! The gnoll hits you but does no damage.
The gnoll attacks as you move away! You block the gnoll's attack.
The gnoll attacks as you move away! The gnoll hits you with a +0 whip.
* * * LOW HITPOINT WARNING * * *
The gnoll attacks as you move away! The gnoll completely misses you.
The gnoll attacks as you move away! The gnoll hits you but does no damage.
The gnoll attacks as you move away! You block the gnoll's attack.
The gnoll attacks as you move away! The gnoll hits you with a +0 whip.
* * * LOW HITPOINT WARNING * * *
The gnoll attacks as you move away! The gnoll hits you but does no damage.
The gnoll attacks as you move away! The gnoll hits you but does no damage.
You see here a bat corpse.
The gnoll attacks as you move away! The gnoll misses you.
The gnoll attacks as you move away! The gnoll hits you but does no damage.
The gnoll attacks as you move away! The gnoll hits you but does no damage.
The gnoll attacks as you move away! The gnoll hits you with a +0 whip.
* * * LOW HITPOINT WARNING * * *
There is a stone staircase leading down here.
The gnoll hits you with a +0 whip.
* * * LOW HITPOINT WARNING * * *
You climb downwards.
Found a leather armour and 6 gold pieces.
There is a stone staircase leading up here.
You barely miss the gnoll. The gnoll hits you with a +0 whip.
* * * LOW HITPOINT WARNING * * *
You puncture the gnoll!
The gnoll is heavily wounded.
The gnoll hits you but does no damage.
You hit the gnoll but do no damage.
The gnoll is heavily wounded.
The gnoll closely misses you.
You closely miss the gnoll.
The gnoll is heavily wounded.
The gnoll hits you with a +0 whip.
You die...

##..# #....
#...#
#...##
#....##
#...$.#
#..g.# #@.#
#........[.
#.###.#.###
#. ..## #
##


You could see a gnoll.

Vanquished Creatures
  Jessica (D:3)
  3 adders
  6 bats
  5 endoplasms
  3 giant cockroaches
  2 goblins (D:1)
  7 hobgoblins
  4 jackals (D:2)
  6 kobolds
  3 quokkas
  2 ball pythons
  A frilled lizard (D:2)
  3 rats
46 creatures vanquished.

Notes
Turn   | Place    | Note
-------+----------+-------------------------------------------
     0 | D:1      | vvl the Merfolk Fighter began the quest for the Orb.
     0 | D:1      | Reached XP level 1. HP: 18/18 MP: 1/1
   140 | D:1      | Reached XP level 2. HP: 23/24 MP: 2/2
   481 | D:1      | Reached XP level 3. HP: 24/29 MP: 3/3
   769 | D:2      | Reached skill level 1 in Dodging
   885 | D:2      | Reached skill level 1 in Ice Magic
  1332 | D:2      | Reached XP level 4. HP: 35/36 MP: 5/5
  1916 | D:3      | Noticed Jessica
  1921 | D:3      | Killed Jessica
  1922 | D:3      | Reached skill level 1 in Spellcasting
  1978 | D:4      | Slain by a gnoll

Illustrated notes

Levels and vault maps discovered:
D:1:      evilmike_arrival_crescent, layout_rooms
D:2:      minmay_razor_zed, layout_basic
D:3:      layout_loops_ring, nicolae_hepliaklqana_hazy_memory, uniq_jessica
D:4:      layout_loops_ring, eino_tiny_chamber

Skill      XL: |  1  2  3  4 |
---------------+-------------+-----
Polearms       | 3 |  3.4
Dodging        | 1 |  1.8
Ice Magic      | 1 |  1.4
Spellcasting   | 1 |  1.0
Fighting       | |  3.8
Armour         | |  2.5
Shields        | |  3.4

Action                   |  1- 3 |  4- 6 || total
-------------------------+-------+-------++-------
Melee: Trident           |   100 |    59 ||   159
Armor: Scale mail        |    31 |    27 ||    58
Dodge: Dodged            |    26 |    26 ||    52
Block: Buckler           |    16 |    15 ||    31
